 Dungeon Crawl Stone Soup version 0.17-a0-1914-gde4187c (webtiles) character file.

23 kosy22 the Conjurer (level 2, 0/22 HPs)
             Began as a Draconian Conjurer on Sept 26, 2015.
             Slain by a ball python (2 damage)
             ... on level 2 of the Dungeon.
             The game lasted 00:07:06 (2232 turns).

kosy22 the Conjurer (Draconian Conjurer)            Turns: 2232, Time: 00:07:06

Health: 0/22       AC:  4    Str:  9 (10) XL:     2   Next: 75%
Magic:  1/5        EV: 12    Int: 15      God:
Gold:   90         SH:  0    Dex: 11      Spells: 2 memorised, 2 levels left

rFire  . . .     SeeInvis .     (no weapon)
rCold  . . .     Clarity  .     (armour unavailable)
rNeg   . . .     SustAt   .     (no shield)
rPois  .         Gourm    .     (helmet restricted)
rElec  .         Spirit   .     (no cloak)
rCorr  .         Warding  .     (no gloves)
rMut   .         Stasis   .     (no boots)
MR     .....                    (no amulet)
Stlth  ++........               (no ring)
                                (no ring)

@: not resistant to hostile enchantments, unstealthy
A: unfitting armour, cold-blooded, AC +4
a: no special abilities


You were on level 2 of the Dungeon.
You were not hungry.

You visited 1 branch of the dungeon, and saw 2 of its levels.

You collected 90 gold pieces.

Inventory:

Missiles
 c - 3 javelins (quivered)
Jewellery
 e - a cursed ring of teleportation
Books
 a - a book of Conjurations

   Spells                             Type                      Level
   a - Magic Dart                     Conjuration                  1
   b - Searing Ray                    Conjuration                  2
   c - Dazzling Spray                 Conjuration/Hexes            3
   d - Fulminant Prism                Conjuration/Hexes            4
   e - Iskenderun's Mystic Blast      Conjuration                  4
   f - Iskenderun's Battlesphere      Conjuration/Charms           5
Comestibles
 d - a slice of pizza


   Skills:
 + Level 0.4 Fighting
 + Level 2.0 Dodging
 + Level 1.9 Stealth
 + Level 0.2 Unarmed Combat
 + Level 2.1 Spellcasting
 + Level 4.4 Conjurations


You had 2 spell levels left.
You knew the following spells:

 Your Spells              Type           Power        Failure   Level  Hunger
a - Magic Dart            Conj           ##..         4%          1    #......
b - Searing Ray           Conj           ##....       8%          2    ###....


Dungeon Overview and Level Annotations

Branches:
Dungeon (2/15)

Altars:


Innate Abilities, Weirdness & Mutations

Your plain brown scales are hard (AC +4).
Your body does not fit into most forms of armour.
You are cold-blooded and may be slowed by cold attacks.


Message History

Casting: Magic Dart
Confirm with . or Enter, or press ? or * to list all spells.
Aiming: Magic Dart
Press: ? - help, Shift-Dir - straight line, f/p - worm
Aim: a worm (moderately wounded)
The magic dart hits the worm.
The worm is heavily wounded.
The ball python bites you.
* * * LOW HITPOINT WARNING * * *
The ball python grabs you. The ball python constricts you.
You escape the ball python's grasp.
You see here a scale mail.
The ball python bites you but does no damage.
The ball python closely misses you.
You see here a quarterstaff.
The ball python misses you. The ball python grabs you.
The ball python constricts you.
You escape the ball python's grasp.
The ball python bites you.
You die...

....##.........##..........
#.$..........#...........
#.....................
#.........##........##
#...................#
#...w....)##........#
#.[.......##........#
#..)S.....##........#
#.<..@....##........#
#.........##........#
#####################


You could see a worm and a ball python.

Vanquished Creatures
  A bat (D:1)
  A giant cockroach (D:1)
  3 hobgoblins (D:1)
  3 jackals (D:1)
  A quokka (D:2)
  A giant newt (D:1)
  4 goblins (D:1)
  6 kobolds
  A rat (D:1)
21 creatures vanquished.

Notes
Turn   | Place    | Note
--------------------------------------------------------------
     0 | D:1      | kosy22 the Draconian Conjurer began the quest for the Orb.
     0 | D:1      | Reached XP level 1. HP: 14/14 MP: 3/3
  1017 | D:1      | Reached XP level 2. HP: 12/20 MP: 0/5
  1626 | D:1      | Learned a level 2 spell: Searing Ray
  2187 | D:2      | HP: 1/22 [worm (9)]
  2232 | D:2      | Slain by a ball python

Vault maps used:
D:1:      minmay_arrival_diagonal_passages, serial_forest,
          infiniplex_forest_lined_corner, infiniplex_forest_lined_3_way,
          infiniplex_forest_clump_tiny, infiniplex_forest_end_2,
          corexii_item_surrounded_by_moat
D:2:      first_bread, uniq_terence

Action                   || total
-------------------------++-------
Melee: Unarmed           ||   233
Throw: Javelin           ||     4
 Cast: Magic Dart        ||    41
       Searing Ray       ||     4
  Use: Scroll            ||     4
       Potion            ||     2
  Eat: Bread ration      ||     2
